 Dungeon Crawl Stone Soup version 0.19-a0-684-gf760df0 (webtiles) character file.

118 Triterus the Shield-Bearer (level 4, -4/40 HPs)
             Began as a Minotaur Fighter on June 18, 2016.
             Slain by Crazy Yiuf
             ... wielding a +2 quarterstaff of chaos
              (14 damage)
             ... on level 2 of the Dungeon.
             The game lasted 00:05:49 (2262 turns).

Triterus the Shield-Bearer (Minotaur Fighter)       Turns: 2262, Time: 00:05:51

Health: -4/40      AC:  5    Str: 21    XL:     4   Next: 72%
Magic:  4/4        EV:  7    Int:  5    God:
Gold:   127        SH:  9    Dex: 10    Spells: 0 memorised, 5 levels left

rFire  . . .     SeeInvis .     a - +0 war axe
rCold  . . .     Gourm    .     h - -2 scale mail (curse)
rNeg   . . .     Faith    .     c - +0 shield
rPois  .         Spirit   .     (helmet restricted)
rElec  .         Dismiss  .     (no cloak)
rCorr  .         Reflect  .     (no gloves)
SustAt .         Harm     .     (no boots)
MR     +....                    (no amulet)
Stlth  ..........               (no ring)
                                i - ring of protection from magic

@: drained, somewhat resistant to hostile enchantments, extremely unstealthy
A: retaliatory headbutt, horns 2
a: no special abilities


You were on level 2 of the Dungeon.
You were hungry.

You visited 1 branch of the dungeon, and saw 2 of its levels.

You collected 127 gold pieces.

Inventory:

Hand Weapons
 a - a +0 war axe (weapon)
Armour
 b - a +0 scale mail
 c - a +0 shield (worn)
 h - a cursed -2 scale mail (worn)
Jewellery
 i - a ring of protection from magic (left hand)
Scrolls
 d - a scroll of teleportation
 l - a scroll of recharging
Potions
 g - a potion of berserk rage
 j - a potion of haste
 k - a potion of brilliance
Comestibles
 f - 2 bread rations


   Skills:
 + Level 4.1(3.8) Fighting
 * Level 4.1(3.8) Axes
 + Level 4.0(3.7) Armour
 + Level 1.2(0.9) Dodging
 + Level 4.2(3.9) Shields
 + Level 1.0(0.7) Spellcasting


You had 5 spell levels left.
You didn't know any spells.

Dungeon Overview and Level Annotations

Branches:
Dungeon (2/15)

Altars:
Kikubaaqudgha
Pakellas
Vehumet

Annotations:
D:2 Crazy Yiuf


Innate Abilities, Weirdness & Mutations

You reflexively headbutt those who attack you in melee.
You have a pair of horns on your head.


Message History

Found a mace.
You spend a moment contemplating the meaning of life.
Unknown command.
Crazy Yiuf the Enlightened comes into view.
He is wielding a quarterstaff of chaos.
Crazy Yiuf moves out of view.
You hit Crazy Yiuf.
Crazy Yiuf is lightly wounded.
Crazy Yiuf hits you with a quarterstaff of chaos.
You feel drained.
You barely miss Crazy Yiuf. Your headbutt misses Crazy Yiuf.
Crazy Yiuf is lightly wounded.
Crazy Yiuf hits you with a quarterstaff of chaos!
Crazy Yiuf freezes you.
Your shield and scale mail prevent you from hitting Crazy Yiuf.
Crazy Yiuf is lightly wounded.
You block Crazy Yiuf's attack.
Crazy Yiuf hits you with a quarterstaff of chaos!
* * * LOW HITPOINT WARNING * * *
You are electrocuted!
You die...

#.#####..##
#.# #....#
#.# ♣P.PP♣
#.# ♣♣...♣
#.# ♣♣.♣♣
#.# ♣♣.♣
#.# ♣.♣♣
###.# ♣♣.♣
##...# ♣@♣♣
###..###
*#g#*
##....#
*...*
####....##
#...#
......#.#
#)..#
..##.##.#
#####
#..#....#
#....####
### #....#
#.#


You could see Crazy Yiuf.

Vanquished Creatures
  Robin (D:2)
  3 adders (D:2)
  A dart slug (D:1)
  5 giant geckos
  9 bats
  6 giant cockroaches
  13 goblins
  9 hobgoblins
  7 jackals
  3 giant newts
  5 kobolds
  8 rats
  2 fungi (D:2)
72 creatures vanquished.

Vanquished Creatures (others)
  A wyvern (D:2)
  A hobgoblin (D:2)
2 creatures vanquished.

Grand Total: 74 creatures vanquished

Notes
Turn   | Place    | Note
--------------------------------------------------------------
     0 | D:1      | Triterus the Minotaur Fighter began the quest for the Orb.
     0 | D:1      | Reached XP level 1. HP: 19/19 MP: 0/0
    66 | D:1      | Reached XP level 2. HP: 23/27 MP: 1/1
   731 | D:1      | Reached XP level 3. HP: 31/33 MP: 2/2
  1198 | D:2      | Noticed Robin
  1204 | D:2      | Killed Robin
  1204 | D:2      | Reached XP level 4. HP: 34/40 MP: 2/4
  1209 | D:2      | Reached skill level 1 in Dodging
  1377 | D:2      | Found an ancient bone altar of Kikubaaqudgha.
  1440 | D:2      | Found a radiant altar of Vehumet.
  1448 | D:2      | Reached skill level 1 in Spellcasting
  1560 | D:2      | Found an oddly glowing altar of Pakellas.
  1560 | D:2      | Noticed an orange crystal statue
  1562 | D:2      | Noticed a wyvern
  1575 | D:2      | Killed a wyvern
  2257 | D:2      | Noticed Crazy Yiuf
  2262 | D:2      | Slain by Crazy Yiuf

Vault maps used:
D:1:      lemuel_arrival_cross
D:2:      old_standard_altar, gammafunk_pakellas_statue_experiment,
          fiery_altar_vehumet, uniq_crazy_yiuf_cottage, uniq_robin

Skill      XL: |  1  2  3  4 |
---------------+-------------+-----
Axes           | 3 4 |  4.1
Shields        | 4 |  4.2
Dodging        | 1 |  1.2
Fighting       | 4 |  4.1
Armour         | 4 |  4.0
Spellcasting   | 1 |  1.0

Action                   |  1- 3 |  4- 6 || total
-------------------------+-------+-------++-------
Melee: War axe           |    85 |    52 ||   137
       Headbutt          |    16 |     8 ||    24
  Use: Scroll            |     5 |     6 ||    11
       Potion            |     2 |       ||     2
 Stab: Invisible         |     1 |     3 ||     4
  Eat: Chunk             |     1 |     3 ||     4
Armor: Scale mail        |    41 |    23 ||    64
Dodge: Dodged            |    17 |    21 ||    38
Block: Shield            |    48 |    26 ||    74
